 Dungeon Crawl Stone Soup version 0.21.1-1-g345015f (webtiles) character file.

48 inc the Conjurer (level 3, 14/14 HPs)
             Began as a Felid Conjurer on Feb 20, 2018.
             Quit the game on level 2 of the Dungeon.
             The game lasted 00:03:06 (2389 turns).

inc the Conjurer (Felid Conjurer)                   Turns: 2389, Time: 00:03:06

Health: 14/14      AC:  1    Str:  4    XL:     3   Next: 50%
Magic:  8/8        EV: 18    Int: 17    God:
Gold:   70         SH:  0    Dex: 16    Spells: 6/7 levels left
                                        Lives:  0   Deaths: 1

rFire    . . .     SeeInvis +   (weapon unavailable)
rCold    . . .     Gourm    .   (shield unavailable)
rNeg     . . .     Faith    .   (armour unavailable)
rPois    .         Spirit   .   (helmet unavailable)
rElec    .         Reflect  .   (cloak unavailable)
rCorr    .         Harm     .   (gloves unavailable)
MR       .....                  (boots unavailable)
Stlth    +++.......             (no amulet)
HPRegen  0.04/turn              (no ring)
MPRegen  0.11/turn              (no ring)

@: quick
A: very small, no armour, no weapons or thrown items, stealth, claws 1, fangs 3,
see invisible, carnivore, speed 1, shaggy fur 1, slow metabolism 1, sharp paws
a: no special abilities


You were on level 2 of the Dungeon.
You were not hungry.

You visited 1 branch of the dungeon, and saw 3 of its levels.

You collected 70 gold pieces.

Inventory:

Jewellery
 d - an uncursed ring of fire {unknown}
 g - an uncursed amulet of regeneration {unknown}
 i - an uncursed ring of magical power {unknown}
Scrolls
 c - 2 scrolls of teleportation {unknown}
 f - a scroll of enchant weapon {unknown}
 h - 2 scrolls of identify {unknown}
 l - a scroll of amnesia {unknown}
Potions
 e - a potion of haste {unknown}
 j - 2 potions of cancellation {unknown}
 k - a potion of berserk rage {unknown}
Books
 a - a book of Conjurations

   Spells                             Type                      Level
   a - Magic Dart                     Conjuration                  1
   b - Searing Ray                    Conjuration                  2
   c - Dazzling Spray                 Conjuration/Hexes            3
   d - Fulminant Prism                Conjuration/Hexes            4
   e - Force Lance                    Conjuration/Translocation    4
   f - Iskenderun's Mystic Blast      Conjuration                  4
Comestibles
 b - 3 rations


   Skills:
 + Level 3.0 Dodging
 + Level 3.7 Stealth
 + Level 0.5 Unarmed Combat
 + Level 2.7 Spellcasting
 + Level 4.5 Conjurations


You had 6 spell levels left.
You knew the following spells:

 Your Spells              Type           Power        Failure   Level  Hunger
a - Magic Dart            Conj           ###.         2%          1    #......


Dungeon Overview and Level Annotations

Branches:
Dungeon (3/15)

Altars:


Innate Abilities, Weirdness & Mutations

You cannot wear armour.
You are incapable of wielding weapons or throwing items.
Your paws allow you to move quietly. (Stealth)
You have sharp claws.
You have razor-sharp teeth.
You have supernaturally acute eyesight. (SInv)
You are carnivorous and can eat meat at any time.
You cover ground quickly.
You are covered in fur. (AC +1)
You have a slow metabolism.
Your sharp claws are effective at attacking unaware monsters.


Message History

The magic dart hits the ogre.
The ogre is severely wounded.
Casting: Magic Dart
Confirm with . or Enter, or press ? or * to list all spells.
Aiming: Magic Dart
Press: ? - help, Shift-Dir - straight line, f/p - ogre
Aim: an ogre, wielding a giant club (severely wounded)
The magic dart hits the ogre.
The ogre is almost dead.
The ogre hits you with a giant club!!
Ouch! That really hurt!
You die...
You are now level 3!
You rejoin the land of the living...
Unknown command.
There is an open door here.
You see here the felid corpse of inc.
You see here a worm corpse.
The ogre is too close now for your liking.
Are you sure you want to abandon this character and quit the game? (Confirm with "yes".)

##.....################
.....................>#
##.(...##########†#####
#.....# #.# #.....# #.#
####### #†# #.# ###.#
#.@.# #)### #.# #O####
#....# ####.# #.# #.#
#$#


You could see an ogre.

Vanquished Creatures
  A scorpion (D:2)
  An adder (D:2)
  2 oozes (D:1)
  A worm (D:2)
  2 leopard geckos
  4 goblins
  4 hobgoblins
  2 jackals (D:1)
  7 kobolds
  A ball python (D:2)
  3 bats
  3 frilled lizards
  4 rats
35 creatures vanquished.

Notes
Turn   | Place    | Note
-------+----------+-------------------------------------------
     0 | D:1      | inc the Felid Conjurer began the quest for the Orb.
     0 | D:1      | Reached XP level 1. HP: 7/7 MP: 4/4
   263 | D:1      | Reached skill level 4 in Conjurations
   263 | D:1      | Reached XP level 2. HP: 11/11 MP: 0/6
  1382 | D:2      | Noticed an ogre
  1495 | D:2      | Reached XP level 3. HP: 13/14 MP: 3/7
  1664 | D:2      | Noticed a scorpion
  1726 | D:2      | Killed a scorpion
  1726 | D:2      | Reached XP level 4. HP: 18/18 MP: 0/8
  2323 | D:2      | Mangled by an ogre
  2324 | D:2      | Reached XP level 3. HP: -11/14 MP: 1/8
  2389 | D:2      | Quit the game

Skill      XL: |  1  2  3 |
---------------+----------+-----
Conjurations   | 4 |  4.5
Stealth        | 3 |  3.7
Dodging        | 3 |  3.0
Unarmed Combat | |  0.5
Spellcasting   | |  2.7

Action                   |  1- 3 |  4- 6 || total
-------------------------+-------+-------++-------
Melee: Unarmed           |    15 |     1 ||    16
 Cast: Magic Dart        |    53 |    32 ||    85
 Stab: Sleeping          |     4 |       ||     4
  Eat: Chunk             |     2 |       ||     2
Dodge: Dodged            |    23 |     4 ||    27
